 Dungeon Crawl Stone Soup version 0.29-a0-214-g17f627cfee (webtiles) character file.

Game seed: 8546229051628413963

64449 drugrobin the Fighter (level 14, -6/195 HPs)
             Began as a Demigod Fighter on Feb 24, 2022.
             Mangled by a naga warrior
             ... wielding a +0 short sword
              (18 damage)
             ... on level 1 of the Snake Pit on Feb 25, 2022.
             The game lasted 01:07:10 (29101 turns).

drugrobin the Fighter (Demigod Fighter)            Turns: 29101, Time: 01:07:11

Health: -6/195     AC: 27    Str: 29    XL:     14   Next: 33%
Magic:  17/17      EV: -1    Int: 14    God:
Gold:   952        SH: 11    Dex: 19    Spells: 13/13 levels left

rFire   . . .      SeeInvis .   a - +3 scimitar (flame)
rCold   . . .      Faith    .   e - +0 kite shield
rNeg    . . .      Spirit   .   (body armour currently unavailable)
rPois   +          Reflect  .   (helmet currently unavailable)
rElec   .          Harm     .   (cloak currently unavailable)
rCorr   .          Rampage  .   (gloves currently unavailable)
Will    ++...      NoTele   +   (boots currently unavailable)
Stlth   ++........              (no amulet)
HPRegen 0.42/turn               l - +6 ring of dexterity
MPRegen 0.15/turn               O - ring of willpower

@: lethally poisoned (-6 -> -7), tree-form, constricted
A: stationary, stasis, torment immunity, boosted hp, high MP 1, forlorn, divine
attributes
a: no special abilities


You were on level 1 of the Snake Pit.
You were a tree.
You visited 3 branches of the dungeon, and saw 18 of its levels.
You also visited: Sewer and Volcano.

You collected 1141 gold pieces.
You spent 189 gold pieces at shops.

Inventory:

Hand Weapons
 a - a +3 scimitar of flaming (weapon)
 b - the +2 falchion "Poziluiji" {flame, rElec rN+ Int-3 Stlth+}
   (You found it on level 3 of the Lair of Beasts)

   It burns those it strikes, dealing additional fire damage.
   Big, fiery blades are also staple armaments of hydra-hunters.
   Int:       It affects your intelligence (-3).
   rElec:     It insulates you from electricity.
   rN:        It protects you from negative energy.
   Stlth:     It makes you more stealthy.
 v - a +2 short sword of draining
Missiles
 u - 2 throwing nets
 D - 2 silver boomerangs (quivered)
 G - 26 poisoned darts
 W - 2 silver javelins
 Y - 4 curare-tipped darts
Armour
 d - the +0 pair of boots of Depression (melded) {rElec Regen+ Dex-5 SInv}
   (You found it in a volcano)

   Dex:       It affects your dexterity (-5).
   rElec:     It insulates you from electricity.
   SInv:      It lets you see invisible.
   Regen:     It increases your rate of health regeneration.
 e - a +0 kite shield (worn)
 E - a +0 cloak of preservation
 J - a +2 cloak of fire resistance (melded)
 K - +6 gold dragon scales (melded)
 U - a +2 hat (melded)
Jewellery
 l - a +6 ring of dexterity (left branch)
 o - a ring of willpower
 p - a ring of ice
 y - a ring of resist corrosion
 I - a ring of fire
 O - a ring of willpower (right branch)
Wands
 f - a wand of paralysis (3)
 q - a wand of flame (15)
 H - a wand of mindburst (6)
 X - a wand of digging (4)
 Z - a wand of polymorph (5)
Scrolls
 c - a scroll of identify
 i - 5 scrolls of teleportation
 j - 3 scrolls of fog
 m - 3 scrolls of vulnerability {unknown}
 t - 7 scrolls of blinking {unknown}
 x - 2 scrolls of amnesia {unknown}
 A - 3 scrolls of enchant weapon {unknown}
 F - 3 scrolls of magic mapping
 L - 3 scrolls of brand weapon {unknown}
 M - 2 scrolls of fear
Potions
 g - a potion of ambrosia
 h - 7 potions of curing
 k - 5 potions of might
 n - 5 potions of brilliance
 r - 2 potions of heal wounds
 w - 3 potions of cancellation
 z - 5 potions of flight
 B - 5 potions of attraction
 P - a potion of magic
 Q - 3 potions of lignification
 R - 2 potions of resistance
 T - 3 potions of mutation
 V - 2 potions of berserk rage
Miscellaneous
 s - a phial of floods (inert)
 N - a piece from Xom's chessboard (12/15)
 S - a condenser vane


   Skills:
 + Level 13.9 Fighting
 + Level 13.7 Long Blades
 + Level 13.9 Armour
 + Level 6.9 Shields


You had 13 spell levels left.
You didn't know any spells.
Your spell library contained the following spells:

 Spells                   Type           Power      Damage    Failure   Level
 Animate Skeleton         Necr           0%         N/A       58%         1
 Magic Dart               Conj           0%         1d3       58%         1
 Pain                     Necr           0%         1d4       58%         1
 Sandblast                Erth           0%         2d4       58%         1
 Blink                    Tloc           0%         N/A       75%         2
 Ensorcelled Hibernation  Hex/Ice        0%         N/A       75%         2
 Passwall                 Tmut/Erth      0%         N/A       75%         2
 Searing Ray              Conj           0%         2d4       75%         2
 Static Discharge         Conj/Air       0%         N/A       75%         2
 Portal Projectile        Hex/Tloc       0%         N/A       92%         3
 Stone Arrow              Conj/Erth      0%         3d7       92%         3
 Swiftness                Air            0%         N/A       92%         3
 Vampiric Draining        Necr           0%         2d6       92%         3
 Fulminant Prism          Conj/Hex       0%         3d6       100%        4
 Olgreb's Toxic Radiance  Pois           0%         N/A       100%        4
 Blade Hands              Tmut           0%         N/A       100%        5
 Excruciating Wounds      Necr           0%         N/A       100%        5
 Lightning Bolt           Conj/Air       0%         1d11      100%        5
 Manifold Assault         Tloc           0%         N/A       100%        5
 Ozocubu's Refrigeration  Ice            0%         4d5       100%        7
 Storm Form               Tmut/Air       0%         N/A       100%        7
 Ignition                 Fire           0%         3d3       100%        8
 Maxwell's Capacitive Co  Air            0%         ∞         100%        8


Dungeon Overview and Level Annotations

Branches:
Dungeon (10/15)            Temple (0/1) D:7            Lair (6/6) D:9
  Swamp (0/4) Lair:4        Snake (2/4) Lair:3        Slime (0/5) Lair:5
  Sewer (visited)         Volcano (visited)
    Orc: D:9-12

Shops:
D:1 !   D:5 *   D:8 *

Portals:
Abyss: Lair:6

Annotations:
D:8 exclusion: 4 doors
Snake:2 Vashnia


Innate Abilities, Weirdness & Mutations

You are a tree.
Your roots penetrate the ground, keeping you stationary.
You cannot be teleported.
You are immune to unholy pain and torment.
Your maximum health is greatly increased.
Your equipment is partially melded.
You have an increased reservoir of magic. (+10% MP)
You shall have no god before yourself.
Your divine heritage dramatically boosts your attributes as you level up.


Message History

Unknown command.
Unknown command.
Unknown command.
The naga warrior blocks your attack.
The naga warrior is severely wounded.
You feel sick. You block the naga warrior's attack.
The naga warrior constricts you.
* * * LOW HITPOINT WARNING * * *
Unknown command.
Unknown command.
Unknown command.
Unknown command.
Unknown command.
The naga warrior blocks your attack.
The naga warrior is severely wounded.
You feel sick. You block the naga warrior's attack.
The naga warrior constricts you.
Unknown command.
Unknown command.
Unknown command.
The naga warrior blocks your attack.
The naga warrior is severely wounded.
You feel sick.
Unknown command.
Unknown command.
Unknown command.
The naga warrior blocks your attack.
The naga warrior is severely wounded.
You feel sick. You block the naga warrior's attack.
The naga warrior constricts you.
* * * LOW HITPOINT WARNING * * *
Unknown command.
Unknown command.
Unknown command.
Unknown command.
The naga warrior blocks your attack.
The naga warrior is severely wounded.
You feel sick.
The naga warrior hits you with a +0 short sword!!
You die...

..###.##..(..........#...# ##.###
....#.##.................###.###.
......##............###..##.###[)
.........###.....######.#..###..#
.........###...######..........##
..........####...#..............#
...........########.............#
...............#####........†....
...........#####♣N.........>†....
...........# #####.............
........).######## ####..........
#........####....### #..........
##......####.......####.........#
###.....###..........##)...######
####..........#####....).###
.###........### ###############
..###...##### ###......


You could see a naga warrior.

Vanquished Creatures
  5 naga warriors
  Fannar (D:9)
  A catoblepas (Lair:2)
  12 hydras
  3 anacondas (Snake:1)
  A hell hog (Volcano)
  5 naga sharpshooters (Snake:1)
  2 shock serpents
  A large abomination (Lair:6)
  4 thrashing horrors (Lair:6)
  Sonja (Lair:3)
  A naga ritualist (Snake:1)
  A deep elf pyromancer (D:8)
  3 ugly things (Lair:6)
  2 salamanders (Snake:1)
  5 mana vipers (Snake:1)
  5 elephants
  A cyclops (D:8)
  A guardian serpent (Snake:1)
  14 black mambas
  2 naga magi (Snake:1)
  A smoke demon (Lair:6)
  An eye of devastation (Volcano)
  2 gargoyles (D:8)
  2 molten gargoyles
  5 cane toads
  4 komodo dragons
  2 efreet
  A rime drake (D:8)
  3 ancient zymes (Lair:6)
  A polar bear (Lair:5)
  A hornet (D:8)
  2 tyrant leeches (Lair:4)
  Prince Ribbit (D:6)
  5 dream sheep
  24 blink frogs
  7 wyverns
  3 fire bats (Lair:5)
  2 spriggans (Lair:6)
  35 yaks
  3 fire elementals (D:8)
  9 basilisks
  4 steam dragons
  3 chaos spawn (Lair:6)
  13 water moccasins
  2 acid dragons
  14 nagas
  Duvessa (D:4)
  A floating eye (shapeshifter) (Lair:6)
  A hornet zombie (D:6)
  3 black bears
  A hell hound (Volcano)
  An orc warrior (D:6)
  3 sky beasts
  6 necrophages (Lair:3)
  11 wolves
  4 ogres
  3 kobold brigands
  A phantom (D:6)
  7 small abominations (Lair:6)
  12 bullfrogs
  3 scorpions (D:5)
  Dowan (D:4)
  6 killer bees
  2 howler monkeys (D:8)
  4 electric eels (Lair:5)
  5 lava snakes (Lair:4)
  4 centaur zombies
  A bullfrog skeleton (D:5)
  2 hounds
  3 jellies
  3 orc priests
  2 gnoll shamans
  Natasha (thrice) (D:2)
  2 centaur skeletons
  7 iguanas
  4 orc wizards (D:6)
  A hound skeleton (D:4)
  A howler monkey zombie (D:8)
  2 howler monkey skeletons
  10 gnolls
  14 adders
  A river rat (Sewer)
  A shadow imp (D:6)
  2 white imps
  An ufetubus (D:5)
  An adder skeleton (D:4)
  An adder zombie (D:5)
  4 worms
  A dart slug (D:1)
  9 orcs
  12 ball pythons
  15 endoplasms
  6 giant cockroaches
  8 goblins
  5 hobgoblins
  7 jackals
  21 kobolds
  4 quokkas
  16 bats
  6 frilled lizards
  12 rats
489 creatures vanquished.

Vanquished Creatures (others)
  33 fungi
  77 plants
110 creatures vanquished.

Grand Total: 599 creatures vanquished

Notes
Turn   | Place    | Note
-------+----------+-------------------------------------------
     0 | D:1      | drugrobin the Demigod Fighter began the quest for the Orb.
     0 | D:1      | Reached XP level 1. HP: 18/18 MP: 3/3
   221 | D:1      | Found Nogouf's Distillery.
   324 | D:1      | Reached XP level 2. HP: 25/25 MP: 4/4
  1168 | D:2      | Reached XP level 3. HP: 29/31 MP: 5/5
  1230 | D:2      | Noticed Natasha
  1242 | D:2      | Killed Natasha
  1834 | D:2      | Noticed Natasha
  1839 | D:2      | Killed Natasha
  1840 | D:2      | Reached XP level 4. HP: 33/38 MP: 6/6
  2093 | D:2      | Noticed Natasha
  2648 | D:2      | Killed Natasha
  3258 | D:3      | Reached XP level 5. HP: 45/45 MP: 7/7
  4424 | D:4      | Noticed Duvessa
  4428 | D:4      | Noticed Dowan
  4441 | D:4      | Killed Duvessa
  4442 | D:4      | Reached XP level 6. HP: 35/52 MP: 8/8
  4449 | D:4      | Killed Dowan
  4476 | D:4      | Found a glowing drain.
  4615 | Sewer    | Entered a sewer
  5867 | D:5      | Entered Level 5 of the Dungeon
  6175 | D:5      | Reached XP level 7. HP: 45/60 MP: 9/9
  6410 | D:4      | 49% = 0%
  6880 | D:5      | Reached skill level 5 in Fighting
  6899 | D:5      | Reached skill level 5 in Armour
  6899 | D:5      | Reached skill level 5 in Shields
  7144 | D:5      | Reached XP level 8. HP: 68/68 MP: 10/10
  7406 | D:5      | Found Zihyemim's Assorted Antiques.
  7409 | D:5      | Bought a shiny scale mail for 189 gold pieces
  7462 | D:6      | Reached skill level 5 in Long Blades
  7760 | D:6      | HP: 2/70 [hornet zombie (10)]
  9257 | D:6      | Reached XP level 9. HP: 72/77 MP: 11/11
 10101 | D:7      | Noticed Prince Ribbit
 10118 | D:6      | Killed Prince Ribbit
 10667 | D:7      | Found a staircase to the Ecumenical Temple.
 11025 | D:8      | Found Heddoos's Assorted Antiques.
 11032 | D:8      | Noticed a cyclops
 11055 | D:8      | Killed a cyclops
 11382 | D:8      | Noticed a gargoyle
 11425 | D:8      | Noticed a gargoyle
 11448 | D:8      | Noticed a rime drake
 12293 | D:8      | Reached XP level 10. HP: 84/88 MP: 13/13
 12765 | D:9      | Noticed a wizard
 12950 | D:10     | Entered Level 10 of the Dungeon
 12979 | D:10     | Noticed Fannar
 13192 | D:9      | Killed Fannar
 13576 | D:10     | Noticed a two-headed ogre
 13610 | D:10     | wtf
 14236 | D:8      | Noticed a deep elf pyromancer
 14247 | D:8      | Killed a deep elf pyromancer
 14548 | D:8      | Reached XP level 11. HP: 48/97 MP: 14/14
 14962 | D:9      | Found a staircase to the Lair.
 14975 | Lair:1   | Entered Level 1 of the Lair of Beasts
 15311 | Lair:1   | Noticed a four-headed hydra
 15321 | Lair:1   | Killed a one-headed hydra
 15786 | Lair:1   | Noticed a six-headed hydra
 15796 | Lair:1   | Killed a one-headed hydra
 15965 | Lair:1   | Reached skill level 10 in Fighting
 15978 | Lair:1   | Reached skill level 10 in Armour
 16038 | Lair:1   | Reached skill level 10 in Long Blades
 16315 | Lair:1   | Noticed a four-headed hydra
 16322 | Lair:1   | Killed a one-headed hydra
 16527 | Lair:1   | Noticed a seven-headed hydra
 16539 | Lair:1   | Killed a one-headed hydra
 17587 | Lair:3   | Noticed a catoblepas
 17616 | Lair:2   | Killed a catoblepas
 17963 | Lair:3   | Noticed Sonja
 17970 | Lair:3   | Killed Sonja
 18221 | Lair:3   | Noticed a six-headed hydra
 18244 | Lair:3   | Killed a one-headed hydra
 18245 | Lair:3   | Reached XP level 12. HP: 107/108 MP: 15/15
 18477 | Lair:3   | Found a staircase to the Snake Pit.
 18989 | Lair:3   | Noticed a five-headed hydra
 19002 | Lair:3   | Killed a one-headed hydra
 19461 | Lair:3   | Noticed a six-headed hydra
 19478 | Lair:3   | Killed a one-headed hydra
 19954 | Lair:3   | Identified the +2 falchion "Poziluiji" {flame, rElec rN+
                  | Int-3 Stlth+}
 20113 | Lair:4   | HP: 3/110 [molten gargoyle/bolt of magma (19)]
 21228 | Lair:4   | Noticed a six-headed hydra
 21234 | Lair:4   | Killed a four-headed hydra
 21408 | Lair:4   | Noticed a five-headed hydra
 21414 | Lair:4   | Killed a two-headed hydra
 22194 | Lair:4   | Found a staircase to the Swamp.
 22706 | Lair:5   | Found a dark tunnel.
 22715 | Volcano  | Entered a volcano
 22757 | Volcano  | Noticed a fire dragon
 22763 | Volcano  | a fire dragon changed into an eye of devastation
 23183 | Volcano  | Identified the +0 pair of boots of Depression {rElec Regen+
                  | Dex-5 SInv}
 23283 | Lair:5   | Noticed a five-headed hydra
 23295 | Lair:5   | Killed a one-headed hydra
 23425 | Lair:5   | Reached XP level 13. HP: 118/118 MP: 16/16
 23813 | Lair:5   | Found a staircase to the Slime Pits.
 24084 | Lair:6   | Entered Level 6 of the Lair of Beasts
 24909 | Lair:6   | Identified the +5 trident "Posurid" {freeze, rCorr Str+2
                  | Dex+3}
 26115 | Lair:6   | Found a one-way gate to the infinite horrors of the Abyss.
 26280 | Snake:1  | Entered Level 1 of the Snake Pit
 26979 | Snake:1  | Identified the +8 dagger of Innisuno {vamp, rN+ SInv}
 27130 | Snake:1  | Reached XP level 14. HP: 129/129 MP: 6/17
 27248 | Snake:2  | Noticed Vashnia
 29101 | Snake:1  | Mangled by a naga warrior

Illustrated notes

..........................#
###.................#####.#
.............######'## #.#
.....................# #.#
.....................# #.#
..........###........# #.#
..........# #######.#####.#
..........#########.....#.#
...............O@..>......#
..........#############.#########
##....###### ##### ####.........#
##...###[..###...###...##.####.##
#.###.#...†.#.###.#.....#..# #.#
...#..[#...#...#...#...#.<.# #.#
...#...#####...#...#####.#.# #.##
...#...#...#...#...#...#.#.# #...
#.###.#.....#.###.#.....##.######


Turn 6410 on D:4: 49% = 0% ...........# .8.8.8.....# ...........# #####......#
#......# #......# #.<....# ....... #......############## .......
#...........@.O.....# .....$ ###################.# ....( #.# #⌠(. #.# #(. #.#..
##.. #.#..⌠##⌠.. #.#.......( #.#........ #.########' Turn 13610 on D:10: wtf

Levels and vault maps discovered:
D:1:      dpeg_arrival_fog, layout_basic, serial_shops, nicolae_shop_waterfront
D:2:      layout_rooms, uniq_natasha
D:3:      minmay_angry_zag, layout_loops_corners,
          dilly_ecumenical_altar_fadedgnrine
D:4:      nicolae_cairo_tiling, layout_basic, portal_sewer_entry_a,
          bh_walls_and_bars, uniq_duvessa
D:5:      cheibrodos_barr_body, layout_rooms, serial_shops, kennysheep_mini_moat
D:6:      layout_layer_cave
D:7:      layout_gridville, minmay_temple_entry_junction, uniq_prince_ribbit1
D:8:      layout_basic, mainiacjoe_overflow_concentric_impassable,
          minmay_overflow_temple_star_quad, serial_shops,
          nicolae_shop_waterfront, dilly_guarded_unrand_elemental_staff
D:9:      layout_cross, minmay_lair_entry_grove
D:10:     layout_rooms, eat_drink_and_be_merry_uskayaw, lemuel_doored_altar,
          orc_0_dummy, kennysheep_dice, uniq_fannar
Lair:1:   layout_regular_city, grunt_megastairs_2
Lair:2:   layout_misc_corridors, small_statue_intersection,
          chequers_serial_rivers_room_b, infiniplex_staircase_pool,
          lemuel_fruit_fields
Lair:3:   nzn_winding_woodlands_stair_cross [nzn_winding_woodlands_5x15_eye,
          nzn_winding_woodlands_center_triple_pond,
          nzn_winding_woodlands_5x15_garden,
          nzn_winding_woodlands_5x5_open_star, nzn_winding_woodlands_5x5_cross,
          nzn_winding_woodlands_5x15_lazy_stream,
          nzn_winding_woodlands_center_diamonds,
          nzn_winding_woodlands_5x15_longhouse], layout_cave_pods,
          minmay_snake_entry_guardpost_small, chequers_serial_rivers_micro_d,
          roderic_carrion_pond, uniq_sonja
Lair:4:   cheibrodos_magma_flow, layout_regular_city, minmay_swamp_entry_worms
Lair:5:   layout_regular_city, slime_dummy, nicolae_volcano_entry_batcave,
          serial_bayou, serial_bayou_lagoon_a, serial_bayou_lake_a,
          serial_bayou_pond_e, serial_bayou_pond_b, serial_bayou_shore_b
Lair:6:   hellmonk_lair_end_abyssal_woods, layout_regular_city
Snake:1:  layout_onion
Snake:2:  layout_cave_pods, uniq_vashnia, uniq_frances

Skill      XL: |  1  2  3  4  5  6  7  8  9 10 11 12 13 |
---------------+----------------------------------------+-----
Long Blades    | 2 3 4 5 7 9 10 12 13 | 13.7
Shields        | 3 4 5 6 |  6.9
Armour         | 3 4 5 6 7 9 10 12 13 | 13.9
Fighting       | 3 4 5 6 7 9 10 12 13 | 13.9

Action                   |  1- 3 |  4- 6 |  7- 9 | 10-12 | 13-15 || total
-------------------------+-------+-------+-------+-------+-------++-------
Melee: Long sword        |   119 |    54 |       |    27 |       ||   200
       Short sword       |       |   192 |   540 |   158 |       ||   890
       Scimitar          |       |       |       |   683 |   825 ||  1508
 Fire: Hunting sling     |       |       |     2 |       |       ||     2
Throw: Boomerang         |    10 |    20 |    16 |    16 |       ||    62
       Dart              |       |       |     4 |     6 |       ||    10
Evoke: Wand              |       |     3 |    17 |     7 |       ||    27
       Phial of floods   |       |       |       |     1 |     1 ||     2
       Piece from Xom's  |       |       |       |       |     3 ||     3
  Use: Potion            |       |     3 |       |     3 |     2 ||     8
       Scroll            |       |       |     1 |    19 |     5 ||    25
 Stab: Paralysed         |       |       |     2 |       |       ||     2
       Petrified         |       |       |       |     4 |       ||     4
Armor: Scale mail        |    35 |       |    69 |       |       ||   104
       Chain mail        |    24 |   152 |    37 |       |       ||   213
       Gold dragon scale |       |       |   244 |   547 |   588 ||  1379
       Skin              |       |       |       |       |     4 ||     4
Dodge: Dodged            |    57 |    88 |   145 |   157 |   150 ||   597
Block: Buckler           |    36 |    86 |   178 |   240 |   137 ||   677
       Kite shield       |       |       |       |       |    66 ||    66

Table legend: (Time is in decaauts)
 A = Elapsed time spent in this place.
 B = Non-inter-level travel time spent in this place.
 C = Inter-level travel time spent in this place.
 D = Time resting spent in this place.
 E = Time spent auto-exploring this place.
 F = Levels seen in this place.
 G = Mean time per level.
                   A        B        C        D        E       F      G
               +--------+--------+--------+--------+--------+-----+--------+
         Total |  29220 |  28152 |   1068 |   7883 |  13158 |  20 | 1461.0 |
       Dungeon |  14222 |  13565 |    657 |   4618 |   5398 |  10 | 1422.2 |
          Lair |  10901 |  10505 |    396 |   2439 |   5910 |   6 | 1816.8 |
     Snake Pit |   2550 |   2535 |     15 |    552 |   1232 |   2 | 1275.0 |
         Sewer |   1010 |   1010 |      0 |     39 |    468 |   1 | 1010.0 |
       Volcano |    536 |    536 |      0 |    233 |    150 |   1 |  536.0 |
               +--------+--------+--------+--------+--------+-----+--------+

Top non-repeatable levels by time:
     D:8: 2903 daAuts
  Lair:3: 2830 daAuts
 Snake:1: 2536 daAuts
  Lair:6: 1979 daAuts
  Lair:1: 1975 daAuts
     D:6: 1904 daAuts
  Lair:4: 1847 daAuts
     D:1: 1786 daAuts
     D:5: 1759 daAuts
  Lair:2: 1273 daAuts
     D:4: 1266 daAuts
     D:3: 1248 daAuts
     D:2: 1218 daAuts
     D:9: 1100 daAuts
   Sewer: 1010 daAuts
